 Dungeon Crawl Stone Soup version 0.24-a0-201-gf205589 (webtiles) character file.

Game seed: 15615378418478166496

88 Borgoz the Cutter (level 4, -4/38 HPs)
             Began as a Ghoul Monk on Mar 23, 2019.
             Was a Believer of Ashenzari.
             Slain by Grinder (10 damage)
             ... while paralysed by Grinder
             ... on level 3 of the Dungeon.
             The game lasted 00:05:31 (2100 turns).

Borgoz the Cutter (Ghoul Monk)                      Turns: 2100, Time: 00:05:32

Health: -4/38      AC:  4    Str: 14    XL:     4   Next: 53%
Magic:  3/3        EV:  2    Int: 11    God:    Ashenzari [**....]
Gold:   113        SH:  0    Dex: 11    Spells: 3/3 levels left

rFire    . . .     SeeInvis .   f - +1 dagger (venom)
rCold    + . .     Gourm    .   (no shield)
rNeg     + + +     Faith    .   h - +0 leather armour (curse)
rPois    ∞         Spirit   .   q - +0 helmet
rElec    .         Reflect  .   (no cloak)
rCorr    .         Harm     .   (no gloves)
MR       .....                  (no boots)
Stlth    ++........             (no amulet)
HPRegen  0.00/turn              (no ring)
MPRegen  0.08/turn              (no ring)

@: paralysed, brilliant, rotting, hasted
A: rotting body, claws 1, carnivore, cold resistance 1, negative energy
resistance 3, inhibited regeneration, torment resistance, unbreathing
a: Curse Item, Scrying, Renounce Religion


You were on level 3 of the Dungeon.
You worshipped Ashenzari.
Ashenzari was pleased with you.
You were not hungry.

You visited 1 branch of the dungeon, and saw 3 of its levels.

You collected 113 gold pieces.

Inventory:

Hand Weapons
 a - a +0 short sword
 f - a +1 dagger of venom (weapon)
 o - a +2 dagger of draining
Armour
 h - a cursed +0 leather armour (worn)
 m - a +0 scale mail
 q - a +0 helmet (worn)
Jewellery
 p - an uncursed amulet of magic regeneration
Scrolls
 b - a scroll of enchant weapon {unknown}
 d - 4 scrolls of teleportation {unknown}
 e - a scroll of magic mapping {unknown}
 i - 2 scrolls of identify {unknown}
 j - a scroll of amnesia {unknown}
 n - 2 scrolls of remove curse
Comestibles
 c - 2 rations


   Skills:
 - Level 3.2 Fighting
 * Level 3.8 Short Blades
 + Level 1.5 Armour
 + Level 3.3 Dodging
 - Level 2.1 Stealth


You had 3 spell levels left.
You didn't know any spells.
Your spell library was empty.

Dungeon Overview and Level Annotations

Branches:
Dungeon (3/15)

Altars:
Ashenzari
Okawaru
Qazlal

Annotations:
D:3 Grinder


Innate Abilities, Weirdness & Mutations

Your body is rotting away.
You thrive on raw meat.
You are immune to poison.
You have sharp fingernails.
You are carnivorous and can eat meat at any time.
Your flesh is cold resistant. (rC+)
You are immune to negative energy. (rN+++)
You do not regenerate when monsters are visible.
You are immune to unholy pain and torment.
You can survive without breathing.


Message History

Grinder completely misses you.
You hit Grinder.
Grinder is heavily wounded.
You barely miss Grinder.
Grinder is heavily wounded.
Grinder hits you.
You hit Grinder but do no damage.
Grinder is heavily wounded.
You hit Grinder.
Grinder is heavily wounded.
Grinder closely misses you.
You closely miss Grinder.
Grinder is severely wounded.
Grinder hits you!
* * * LOW HITPOINT WARNING * * *
Grinder blinks!
Grinder gestures at you.
You suddenly lose the ability to move!
Grinder hits you!
You die...

#.# #......# , *
##.###.####.# *
.# * ##...##.#
#.# .# , *
##.....#.####.#
.#####
#...........#.#
...... *
##†...<####.#.#
*..(. *##...##
#.#.# ##..#* *
###..##
#.#5####...##.#.
, +...##
#..@....§.......,
###.#
#.######...##.#.
,, #.# #.# ##.##
* #.#######.#
##,* #.........#
* #####.##### *,
, * #.# , * #.# *
* #.#


You could see Grinder.

Vanquished Creatures
  Robin (D:2)
  A gnoll (D:1)
  An ooze (D:1)
  A worm (D:2)
  3 dart slugs
  2 leopard geckos
  2 giant cockroaches
  10 goblins
  9 hobgoblins
  2 jackals (D:1)
  A ball python (D:1)
  5 bats
  4 frilled lizards
  5 kobolds
  4 rats
51 creatures vanquished.

Notes
Turn   | Place    | Note
-------+----------+-------------------------------------------
     0 | D:1      | Borgoz the Ghoul Monk began the quest for the Orb.
     0 | D:1      | Reached XP level 1. HP: 19/19 MP: 0/0
   134 | D:1      | Reached XP level 2. HP: 26/26 MP: 1/1
   317 | D:1      | Reached XP level 3. HP: 27/31 MP: 2/2
   341 | D:1      | Reached skill level 1 in Armour
   457 | D:1      | Found a shattered altar of Ashenzari.
   744 | D:1      | Became a worshipper of Ashenzari the Shackled
   744 | D:1      | Reached * piety under Ashenzari
   744 | D:1      | Reached ** piety under Ashenzari
   966 | D:2      | Found an iron altar of Okawaru.
  1346 | D:2      | Reached XP level 4. HP: 38/38 MP: 3/3
  1392 | D:2      | Noticed Robin
  1407 | D:2      | Killed Robin
  1453 | D:2      | Found a stormy altar of Qazlal.
  2060 | D:3      | Noticed Grinder
  2099 | D:3      | Paralysed by Grinder for 2 turns
  2100 | D:3      | Slain by Grinder

Levels and vault maps discovered:
D:1:      nzn_arrival_depleted_hourglass, layout_rooms, minivault_24,
          nicolae_ashenzari_panopticon
D:2:      layout_basic, okawaru_gym_becter, minmay_misc_feat_tiny,
          grunt_qazlal_sundering, uniq_robin
D:3:      layout_loops_corners, doesnt_xom_only_xom,
          nicolae_overflow_hidden_temple, first_ration, uniq_grinder

Skill      XL: |  1  2  3 |
---------------+----------+-----
Short Blades   | 3 |  3.8
Dodging        | 3 |  3.3
Armour         | 1 |  1.5
Fighting       | |  3.2
Stealth        | |  2.1

Action                   |  1- 3 |  4- 6 || total
-------------------------+-------+-------++-------
Melee: Short sword       |   150 |    28 ||   178
       Dagger            |       |    63 ||    63
  Use: Potion            |       |     3 ||     3
 Stab: Sleeping          |     2 |     1 ||     3
  Eat: Chunk             |     8 |       ||     8
Armor: Robe              |     2 |       ||     2
       Leather armour    |    35 |    13 ||    48
Dodge: Dodged            |    95 |    35 ||   130

Table legend:
 A = Non-vault XP
 B = Vault XP
 C = Vault XP percentage of total XP
 D = Non-vault monster count
 E = Vault monster count
 F = Vault count percentage of total count
                 A         B        C        D         E       F
            +---------+---------+-------+---------+---------+-------
      Total |      92 |      34 |  27.0 |      40 |      11 |  21.6
            +---------+---------+-------+---------+---------+-------
        D:1 |      60 |       0 |   0.0 |      24 |       0 |   0.0
        D:2 |      27 |      34 |  55.7 |      13 |      11 |  45.8
        D:3 |       5 |       0 |   0.0 |       3 |       0 |   0.0
            +---------+---------+-------+---------+---------+-------
